AoeStats
← Ypsilon

Arena

509482656Analyzed
4v4 RM · 6d ago on Sep 26, 2026· 46m 36s· 8 players
Game mode
Random Map
Map size
Large (8 player)
Population
200
Speed
Normal
Resources
Standard
Victory
Conquest
Starting age
Dark Age
Ending age
Imperial Age
RankedLock teamsTeams togetherTeam positionsShared explorationLock speedFull tech treeHidden civsTurbo modeCheats
Victory
Defeat
🇩🇪 Celts · Germany
1345
+13
🇫🇷 Japanese · France
1321
+14
🇹🇷 Aztecs · Türkiye
1314
+14
1271
+16
🇵🇹 Tupi · Portugal
1380
-18
🇮🇳 Hindustanis · India
1257
-14
🇧🇷 Persians · Brazil
1242
-13
🇦🇷 Spanish · Argentina
1229
-12
BlackStone
4:41 Loom
10:48 Feudal Age
14:58 Castle Age
13:54 Double-Bit Axe
16:36 Bow Saw
18:39 Wheelbarrow
20:32 Horse Collar
22:00 Heavy Plow
24:42 Gold Mining
25:46 Hand Cart
31:22 Imperial Age
29:04 Forging
28:55 Scale Mail Armor
29:27 Man-at-Arms
29:52 Gambesons
30:08 Squires
29:54 Arson
29:30 Eagle Warrior
30:49 Iron Casting
30:02 Pikeman
30:18 Long Swordsman
32:27 Garland Wars
32:29 Chain Mail Armor
33:14 Blast Furnace
32:39 Elite Eagle Warrior
33:31 Two-Handed Swordsman
34:42 Champion
37:42 Plate Mail Armor
っ◔◡◔)っ ♥Slop Daddy♥
11:18 Feudal Age
11:30 Feudal Age
15:32 Castle Age
13:54 Double-Bit Axe
14:05 Horse Collar
15:23 Bloodlines
16:38 Wheelbarrow
16:23 Bow Saw
16:19 Gold Mining
18:09 Gold Shaft Mining
20:50 Scale Barding Armor
20:56 Forging
24:20 Chain Barding Armor
24:35 Iron Casting
25:25 Husbandry
28:00 Hand Cart
27:32 Loom
29:51 Heavy Plow
29:51 Light Cavalry
34:56 Imperial Age
35:10 Cavalier
35:13 Hussar
36:44 Plate Barding Armor
36:40 Heavy Scorpion
37:12 Town Watch
38:51 Fortified Wall
39:03 Ballistics
38:55 Masonry
38:56 Siege Engineers
39:50 Conscription
38:52 Elite Ballista Elephant
40:22 Double Crossbow
42:08 Elite Battle Elephant
Thronx
11:34 Feudal Age
12:43 Double-Bit Axe
12:50 Gold Mining
15:28 Castle Age
16:35 Bow Saw
25:18 Wheelbarrow
24:26 Horse Collar
26:06 Heavy Plow
28:10 Ballistics
34:10 Imperial Age
31:26 Loom
32:22 Hand Cart
31:55 Town Watch
32:18 Scale Mail Armor
33:48 Chain Mail Armor
33:43 Forging
33:02 Man-at-Arms
33:29 Gambesons
33:36 Arson
34:11 Pikeman
34:12 Long Swordsman
35:59 Heavy Scorpion
36:31 Halberdier
45:31 Siege Engineers
46:27 Chemistry
45:32 Two-Handed Swordsman
47:08 Plate Mail Armor
47:13 Iron Casting
Gericault667
9:54 Feudal Age
13:52 Castle Age
15:01 Wheelbarrow
19:42 Gold Mining
21:13 Loom
22:05 Town Watch
28:26 Scale Mail Armor
31:41 Squires
31:27 Arson
33:31 Chain Mail Armor
34:21 Ballistics
33:58 Fletching
36:10 Double-Bit Axe
36:16 Horse Collar
37:27 Bodkin Arrow
37:40 Padded Archer Armor
37:10 Elite Skirmisher
39:23 Leather Archer Armor
43:29 Pikeman
46:04 Treadmill Crane
[FeI] F0rever
10:25 Feudal Age
14:08 Castle Age
13:06 Loom
13:11 Double-Bit Axe
13:10 Horse Collar
19:43 Padded Archer Armor
25:51 Wheelbarrow
30:23 Imperial Age
31:21 Heavy Plow
31:56 Conscription
31:40 Gold Mining
33:54 Chemistry
36:41 Fortified Wall
36:24 Elite Conquistador
37:42 Murder Holes
37:40 Fletching
38:06 Leather Archer Armor
39:43 Husbandry
39:53 Bloodlines
39:03 Cavalier
39:45 Light Cavalry
43:09 Forging
43:00 Scale Mail Armor
43:08 Scale Barding Armor
TheDangerous
10:11 Feudal Age
14:10 Castle Age
13:11 Double-Bit Axe
13:07 Horse Collar
15:32 Bow Saw
21:26 Wheelbarrow
22:36 Gold Mining
25:00 Gold Shaft Mining
24:31 Scale Barding Armor
24:19 Fletching
24:18 Loom
24:21 Town Watch
28:51 Imperial Age
27:02 Hand Cart
26:56 Heavy Plow
26:49 Stone Mining
27:33 Scale Barding Armor
27:39 Forging
28:35 Coinage
28:30 Husbandry
28:39 Grand Trunk Road
29:47 Chain Barding Armor
29:03 Heavy Camel Rider
29:53 Bloodlines
29:46 Scale Mail Armor
30:24 Iron Casting
30:52 Conscription
31:55 Stone Shaft Mining
31:28 Imperial Camel Rider
33:18 Plate Barding Armor
33:59 Blast Furnace
40:53 Shatagni
42:34 Chemistry
42:32 Banking
42:40 Bodkin Arrow
42:50 Padded Archer Armor
43:24 Bodkin Arrow
43:47 Leather Archer Armor
44:10 Thumb Ring
Ypsilon
9:51 Feudal Age
13:44 Castle Age
12:12 Double-Bit Axe
18:00 Horse Collar
19:28 Bow Saw
20:55 Scale Barding Armor
21:06 Heavy Plow
20:56 Loom
21:18 Gold Mining
22:24 Wheelbarrow
22:38 Bloodlines
22:56 Husbandry
23:07 Forging
24:06 Chain Barding Armor
25:20 Gold Shaft Mining
25:36 Iron Casting
26:26 Hand Cart
BARAKA wins!
12:00 Feudal Age
13:16 Double-Bit Axe
16:01 Castle Age
13:54 Horse Collar
15:25 Gold Mining
18:12 Bow Saw
19:13 Scale Mail Armor
19:46 Heavy Plow
20:24 Gold Shaft Mining
21:05 Chain Mail Armor
20:36 Pikeman
22:11 Forging
22:08 Squires
Connection lost

Rejoining the realm…

Still unreachable

The connection could not be restored.

Session expired

The server has moved on; the page needs a fresh start.